Cogmind - Beta 15 @@@ ROGUE MODE // 2025.05.29 @ 21:49:31 Player: ChromeShaman Result: Destroyed by 42-0K0(R) with Subdweller Machine Gun Performance ------------- Evolutions (0) 0 Regions Visited (2) 400 Robots Destroyed (16) 80 Value Destroyed (354) 354 Prototype IDs (0) 0 Alien Tech Used (0) 0 Bonus (0) 0 TOTAL SCORE: 834 Bonus ------- None Cogmind --------- Core Integrity 0/250 Matter 300/300 Energy 99/100 System Corruption 0% Temperature Cool (0) Movement Core (100) Ox1 Location -10/Subcaves Parts ------- > --- POWER (1) -------- (None) > --- PROPULSION (2) --- (None) > --- UTILITY (2) ------ Small Storage Unit > --- WEAPON (2) ------- (None) > --- INVENTORY (8) ---- Heat Sink Heat Sink Huge Storage Unit Sensor Array Subdweller Beam Cannon Assault Rifle Peak State ------------ > --- POWER ------------ Ion Engine > --- PROPULSION ------- Aluminum Leg Aluminum Leg > --- UTILITY ---------- Small Storage Unit Sensor Array > --- WEAPON ----------- Heavy Riot Gun Subdweller Beam Cannon > --- INVENTORY -------- Heat Sink Heat Sink Huge Storage Unit Sensor Array EM Pulse Gun Assault Rifle [Rating: 11] Favorites ----------- Power Ion Engine Engine Ion Engine Propulsion Light Treads Treads Light Treads Leg Aluminum Leg Utility Small Storage Unit Device Sensor Array Storage Small Storage Unit Weapon Medium Laser Energy Gun Medium Laser Energy Cannon Subdweller Beam Cannon Build | -11 -10 -10 ------- Run | Yrd Mat Sub Slots Evolved . | . . . Power . | . . . Propulsion . | . . . Utility . | . . . Weapon . | . . . Parts Attached 17 | 8 7 2 Power 3 | 1 2 . Engine 3 | 1 2 . Core . | . . . Reactor . | . . . Propulsion 5 | 3 2 . Treads 2 | 2 . . Leg 3 | 1 2 . Wheel . | . . . Hover . | . . . Flight . | . . . Utility 3 | 1 2 . Device 1 | . 1 . Storage 2 | 1 1 . Processor . | . . . Hackware . | . . . Protection . | . . . Artifact . | . . . Weapon 6 | 3 1 2 Energy Gun 5 | 3 1 1 Energy Cannon 1 | . . 1 Ballistic Gun . | . . . Ballistic Cannon . | . . . Launcher . | . . . Special Weapon . | . . . Impact Weapon . | . . . Slashing Weapon . | . . . Piercing Weapon . | . . . Special Melee Weapon . | . . . Unidentified Prototypes . | . . . Parts Lost 9 | . 3 6 Power 2 | . 1 1 Propulsion 3 | . 1 2 Utility 1 | . . 1 Weapon 3 | . 1 2 Highest Loss Streak 6 | . 3 6 To Critical Strikes . | . . . Average Backups 4 | 1 3 6 Power . | . . . Propulsion . | . . . Utility 2 | . 1 4 Weapon 1 | . 1 2 Tool/Special . | . . . Unused Backups 4 | . . 4 Power . | . . . Propulsion . | . . . Utility 3 | . . 3 Weapon 1 | . . 1 Tool/Special . | . . . Average Slot Usage (%) 97 | . 97 96 Engine 13 | . 13 14 Treads 16 | . 25 . Leg 10 | . 2 27 Device 12 | . 13 12 Storage 13 | . 13 14 Energy Gun 27 | . 27 26 Peak Build Rating 11 | 6 7 11 Average Rating 7 | 4 6 8 On Entrance 4 | . 6 7 Naked Turns . | . . . Heaviest Build 23 | 12 15 23 Greatest Support 40 | 40 40 20 Greatest Overweight (x) 4 | 2 4 1 Average Overweight (x) . | . . . Largest Inventory Capacity 25 | 8 25 8 Average Capacity 7 | 7 8 8 Most Carried 8 | 5 6 8 Average Carried 4 | 1 3 6 Final Capacity 8 | 8 8 8 Final Carried 6 | 2 6 6 Class Distribution -------------------- 100% | Mutant Dominant Class ---------------- Mutant | -10/Materials Mutant | -10/Subcaves Resources | -11 -10 -10 ----------- Run | Yrd Mat Sub Matter Collected 377 | 229 148 . Remotely . | . . . Salvage Created 489 | 100 389 . Parts 30 | 1 29 . Haulers Intercepted . | . . . Recyclers Shooed . | . . . Parts Field Recycled . | . . . Retrieved Matter . | . . . Parts Self-Destructed 2 | . . 2 Prevented . | . . . Kills | -11 -10 -10 ------- Run | Yrd Mat Sub Combat Hostiles Destroyed 14 | . 14 . Melee 2 | . 2 . Guns 12 | . 12 . Classes Destroyed 4 | 1 3 . Recycler 1 | 1 . . Watcher 1 | . 1 . Swarmer 6 | . 6 . Grunt 8 | . 8 . Best Kill Streak 3 | 1 3 . Combat Bots Only 3 | . 3 . Max Kills in Single Turn 1 | 1 1 . Gunslinging . | . . . Exploded . | . . . Melee 1 | . 1 . Uniques/NPCs Destroyed . | . . . Combat | -11 -10 -10 -------- Run | Yrd Mat Sub Hostile Shots Fired 136 | . 101 35 Missed 47 | . 34 13 Hits 89 | . 67 22 Projectile 89 | . 67 22 AOE 4 | . . 4 Critical Strikes 1 | . . 1 Damage Taken 1260 | . 648 612 Core 270 | . 118 152 Absorbed by Shields . | . . . Core Remaining (%) 100 | 100 . . Volleys Fired 49 | 5 42 2 Largest 2 | 2 2 2 Hottest 100 | 90 100 100 Shots Fired 93 | 10 79 4 Gun 93 | 10 79 4 Cannon . | . . . Launcher . | . . . Special . | . . . Kinetic . | . . . Thermal 84 | 5 79 . Explosive . | . . . Electromagnetic 9 | 5 . 4 Robot Hit Streak 7 | 7 5 4 Robot Miss Streak 4 | 2 4 1 Penetration Max . | . . . Secondary Targets 1 | . 1 . Max Gunslinging Chain 1 | . 1 . Shots Hit Robots 56 | 8 45 3 Core Hits 27 | 2 25 . Critical Kills . | . . . Critical Parts Destroyed . | . . . Critical Strikes 3 | . 3 . Burn 3 | . 3 . Melee Attacks . | . . . Impact . | . . . Slashing . | . . . Piercing . | . . . Sneak Attacks . | . . . Combat Hostiles . | . . . Follow-up Attacks . | . . . Damage Inflicted 733 | 107 575 51 Guns 710 | 101 558 51 Cannons . | . . . Explosions . | . . . Melee . | . . . Ramming 23 | 6 17 . Kinetic . | . . . Thermal 609 | 51 558 . Explosive . | . . . Electromagnetic 101 | 50 . 51 Impact . | . . . Slashing . | . . . Piercing . | . . . Highest Corruption . | . . . Average Corruption . | . . . Corruption Purged . | . . . Corruption Blocked . | . . . Overload Shots . | . . . Overflow Damage . | . . . Projectiles . | . . . Explosions . | . . . Melee . | . . . Knockbacks . | . . . Impact . | . . . Kinetic . | . . . Secondary . | . . . Self-Inflicted Damage . | . . . Shots . | . . . Rammed 14 | 1 13 . Targets Rammed 15 | 1 14 . Kicked . | . . . Crushed 1 | . 1 . Highest Temperature 438 | 150 438 2 Average Temperature 114 | 78 119 2 Received Heat Transfer 351 | . 240 111 Effects 1 | . 1 . Shutdowns 1 | . 1 . Siege Activations . | . . . Martial Activations . | . . . Shielding Activations . | . . . Robots Disrupted . | . . . Combat Hostiles . | . . . Robots Corrupted . | . . . Combat Hostiles . | . . . Parts Fried 3 | 3 . . Impact Corruptions . | . . . Robots Melted . | . . . Combat Hostiles . | . . . Parts Melted 5 | . 5 . Heat Transferred 1869 | 148 1721 . Parts Sabotaged . | . . . Parts Stolen . | . . . Parts Stripped . | . . . Power Chain Reactions . | . . . Alert | -11 -10 -10 ------- Run | Yrd Mat Sub Maximum Alert Level . | . . . Low Security (%) 100 | 100 100 . Level 1 . | . . . Level 2 . | . . . Level 3 . | . . . Level 4 . | . . . Level 5 . | . . . High Security . | . . . Max Security . | . . . Peak Influence 138 | 5 138 . Initial . | . . . Average 39 | . 44 . Influence Increases 387 | 5 382 . Destroy 0b10 Robot/C 280 | . 280 . Destroy 0b10 Robot/NC 10 | 5 5 . Destroy Leader 52 | . 52 . Lose Combat Pursuer 45 | . 45 . Influence Decreases 387 | 5 382 . Time Decay 235 | 5 230 . Lost Part 30 | . 30 . Purge Threat 122 | . 122 . Squads Dispatched 3 | . 3 . Investigation 3 | . 3 . Extermination . | . . . Reinforcement . | . . . Assault . | . . . Garrison . | . . . Intercept . | . . . Searches Triggered . | . . . Construction Impeded . | . . . Haulers Reinforced . | . . . Active Scanning Responses . | . . . Cargo Convoy Interrupts . | . . . Stealth | -11 -10 -10 --------- Run | Yrd Mat Sub Distress Signals 2 | . 2 . Communications Jammed . | . . . Distress Signals . | . . . Times Spotted 32 | . 21 11 Peak Tracking Total 9 | . 6 9 Tactical Retreats 2 | . 2 . Traps | -11 -10 -10 ------- Run | Yrd Mat Sub Traps Triggered 1 | . 1 . Indirectly . | . . . Trap Hack Attempts . | . . . Triggered . | . . . Disarmed . | . . . Reprogrammed . | . . . Reused . | . . . Traps Extracted . | . . . Installed . | . . . Triggered . | . . . Machines | -11 -10 -10 ---------- Run | Yrd Mat Sub Machines Disabled . | . . . Max in Single Turn . | . . . Machines Repaired . | . . . Machines Dismantled . | . . . Machines Sabotaged . | . . . Overloaded Fab Kills . | . . . Hacking | -11 -10 -10 --------- Run | Yrd Mat Sub Machines Accessed 4 | . 3 1 Terminals 2 | . 2 . Fabricators . | . . . Repair Stations . | . . . Recycling Units 1 | . 1 . Scanalyzers . | . . . Garrison Access . | . . . Total Hacks 12 | . 7 5 Successful 8 | . 3 5 Failed 4 | . 4 . Catastrophic 2 | . 2 . Database Lockouts . | . . . Manual 3 | . . 3 Terminals 4 | . 4 . Fabricators . | . . . Repair Stations . | . . . Recycling Units 3 | . 3 . Scanalyzers . | . . . Garrison Access . | . . . Terminal Hacks 6 | . 1 5 Record 5 | . . 5 Unreport Threat 1 | . 1 . Fabricator Hacks . | . . . Repair Station Hacks . | . . . Recycling Unit Hacks 2 | . 2 . Process 1 | . 1 . Retrieve Components 1 | . 1 . Scanalyzer . | . . . Garrison Access Hacks . | . . . Unauthorized Hacks . | . . . Terminals . | . . . Fabricators . | . . . Repair Stations . | . . . Recycling Units . | . . . Scanalyzers . | . . . Garrison Access . | . . . Data Cores Recovered . | . . . Used . | . . . Hacking Detections 3 | . 3 . Full Trace Events 2 | . 2 . Feedback Events . | . . . Feedback Blocked . | . . . Robot Schematics Acquired . | . . . Robots Built . | . . . Authchips . | . . . Time . | . . . Total Robot Build Rating . | . . . Part Schematics Acquired . | . . . Parts Built . | . . . Authchips . | . . . Time . | . . . Total Part Build Rating . | . . . Parts Repaired . | . . . Time . | . . . Parts Recycled . | . . . Recycled Matter 15 | . 15 . Retrieved Matter . | . . . Retrieved Components . | . . . Parts Scanalyzed . | . . . Part Schematics Acquired . | . . . Parts Damaged . | . . . Bothacking | -11 -10 -10 ------------ Run | Yrd Mat Sub Used RIF Installer . | . . . Robots Hacked . | . . . Non-combat . | . . . Combat . | . . . Robot Hacks Applied . | . . . Relay Couplers Released . | . . . Fabnet Peak Effective % . | . . . Robots Rewired . | . . . Allies Hacked . | . . . Hacks Repelled . | . . . Allies | -11 -10 -10 -------- Run | Yrd Mat Sub Total Allies . | . . . Largest Group . | . . . Highest-Rated Group . | . . . Highest-Rated Ally . | . . . Total Orders . | . . . Ally Attacks . | . . . Total Damage . | . . . Kills . | . . . Allies Corrupted . | . . . Allies Melted . | . . . Intel | -11 -10 -10 ------- Run | Yrd Mat Sub Active Infowar (turns) 1022 | . 699 323 Sensors 1022 | . 699 323 Robot Analysis Total . | . . . Derelict Logs Recovered 1 | . . 1 Drone Launches . | . . . Drone Recoveries . | . . . Exploration | -11 -10 -10 ------------- Run | Yrd Mat Sub Turns Passed 1187 | 91 743 353 Spaces Moved 680 | 44 359 277 Core 24 | 18 1 5 Treads 333 | 26 307 . Legs 323 | . 51 272 Wheels . | . . . Hover . | . . . Flight . | . . . Fastest Speed 50 | 50 120 100 Average Speed 139 | 124 154 121 Slowest Speed 250 | 160 250 190 Overloaded Moves . | . . . Propulsion Burnouts . | . . . Robots Hopped . | . . . Potential Cave-ins . | . . . Cave-ins Triggered . | . . . Exploration Rate (%) 25 | 3 56 18 Regions Visited 2 Branch Regions 1 Pre-discovered Areas 1 | . . 1 Known Exits Taken . | . . . Unknown Exits Taken 2 | 1 1 . Scrap Searched . | . . . Spaces Dug . | . . . Terrain Destroyed . | . . . Melee . | . . . Projectile . | . . . AOE . | . . . Terrain Rammed . | . . . Walls Destroyed . | . . . Machines Disabled . | . . . Actions | -11 -10 -10 --------- Run | Yrd Mat Sub Total 828 | 72 463 293 Wait 26 | 1 21 4 Move 678 | 43 358 277 Hop . | . . . Pick Up 22 | 9 10 3 Fast Attach . | . . . Attach 22 | 9 10 3 Detach 10 | 3 6 1 Swap . | . . . Drop 6 | 1 2 3 Fire 49 | 5 42 2 Melee . | . . . Ram . | . . . Kick . | . . . Crush 15 | 1 14 . Escape Stasis . | . . . Rewire . | . . . Trap . | . . . Miscellaneous . | . . . Route ------- -11/Scrapyard -10/Materials (discovered 3 exits: [*Mat] / [*Min] / *Sub) -10/Subcaves History --------- Turn | Location | Event 12 | -11/Scrapyard | Discovered new exit (range 16) 92 | -11/Scrapyard | Entered Materials 295 | -10/Materials | Discovered new exit (range 5) 316 | -10/Materials | Build established: Mutant 459 | -10/Materials | Discovered new exit (range 11) 773 | -10/Materials | Lost 3 parts (1p1n1w) 827 | -10/Materials | Discovered new exit (range 8) 835 | -10/Materials | Entered Subcaves 887 | -10/Subcaves | Visited Clippyterm 890 | -10/Subcaves | Learned location of Deep Caves (-7) 890 | -10/Subcaves | Learned Research security intel 908 | -10/Subcaves | Learned Materials interactive machine intel 954 | -10/Subcaves | Shifting Twisted Machinery released Hvy. Riot Gun 956 | -10/Subcaves | Shifting Twisted Machinery released Sub. Beam Cannon 1135 | -10/Subcaves | Ambushed by swarm of Subdwellers 1137 | -10/Subcaves | Ambushed by Subdwellers from Twisted Machinery 1137 | -10/Subcaves | Ambushed by Subdwellers from Twisted Machinery 1138 | -10/Subcaves | Ambushed by Subdweller buried in earth 1154 | -10/Subcaves | Ambushed by Subdweller buried in earth 1154 | -10/Subcaves | Ambushed by Subdweller buried in earth 1158 | -10/Subcaves | Core integrity fell below 50% 1174 | -10/Subcaves | Core integrity fell below 20% 1186 | -10/Subcaves | Lost 4 allies 1188 | -10/Subcaves | Destroyed by 42-0K0(R) with Subdweller Machine Gun Last Messages --------------- 01138_ 7R-S6F(R) emerges from the Twisted Machinery. 01139_ OS-ECQ(R): "HIDIE!" 01139_ 7T-RRG(g): "Sorry we're late! Had another grouchy Sub to deal with. Who's the new fellow?" 01144_ EA-LUN(h) destroyed. 01155_ 14-AQJ(R): "ARGHSUB!" 01155_ SL-KXT(R): "ARGHSUB!" 01158_ Sensor Array destroyed. 01161_ Subatomizers dissect the Cobbler Unit. 01161_ NB-XL4(R) IFF system glitched. 01162_ NB-XL4(R) destroyed. 01163_ EM Pulse Gun destroyed. 01169_ Aluminum Leg destroyed. 01176_ Hvy. Riot Gun destroyed. 01182_ Ion Engine destroyed. 01184_ Aluminum Leg destroyed. 01187_ SL-KXT(R) affixes Scrap Shield Fragment to Scrap Shield. Map ----- +----------------------------------------------------+ | ????????## %& " " ## #????????? | | ????????# " # ##????????? | | ????????## #### #?????????? | | ?????????## ##??### ## #?????????? | | ??????????## ### #?????#########?????????? | | ???????????## ###### ##???????????????????????? | | ????????????##???## * #????????????????????????? | | ?????????????????# &###????????????????????????? | | ?????????????????# ##?????????????????????????? | | ?????????????????## ##????????????????????????? | | ??????????????????## #????????????????????????? | | ?????????????????####R ##????????????????????????? | | ????????????###### ; R ##???????????????????????? | | ?????????#### ; ; #?##????????????????????? | | ?????????? ; ## ##???????????????????? | | ??????????# #; # ###???? ????????????? | | ??????????? ## # #??? ???????????? | | ???????????# ##;; #??? ???????????? | | ???????????# ## ; RR ### ??????????? | | ????????#### ??????????? | | ???????## # R # % ??????????? | | ???????# % ## RR% ;# #??????????? | | ???????# %% ## ] ; ?????????????? | | ???????# ## %###??????????????? | | ???????# ### #????????????????? | | ???????# ???# R @ ##???????????????? | | ?????????????# #???????????? | | ????????????## ##### #???????????? | | ????????????# ####????? ! #??????????? | | ???????????# ### ##?????????*"? #?????????? | | ???????????## ##?# #???????????????? ??????????? | | ????????????##???# #???????????????????????????? | | ?????????????????## #???????????????????????????? | | ??????????????????####???????????????????????????? | | ?????????????????????????????????????????????????? | | ?????????????????????????????????????????????????? | | ?????????????????????????????????????????????????? | | ?????????????????????????????????????????????????? | | ?????????????????????????????????????????????????? | | ?????????????????????????????????????????????????? | | ?????????????????????????????????????????????????? | | ?????????????????????????????????????????????????? | | ?????????????????????????????????????????????????? | | ?????????????????????????????????????????????????? | | ?????????????????????????????????????????????????? | | ?????????????????????????????????????????????????? | | ?????????????????????????????????????????????????? | | ?????????????????????????????????????????????????? | | ?????????????????????????????????????????????????? | | ?????????????????????????????????????????????????? | +----------------------------------------------------+ Best States ------------- Heat Dissipation 25 Energy Generation 10 Energy Capacity 250 Matter Stores 300 Matter Capacity 300 Sight Range 16 Robot Scan Range 14 Terrain Scan Density 10 Evasion (%) 55 Recoil Reduction 2 Item Schematics ----------------- None Robot Schematics ------------------ None Fabricated ------------ Nothing Repaired ---------- Nothing Alien Tech Used ----------------- None Achievements -------------- None Challenges ------------ None Game ------ Seed ExpertFusionCharge Manual? 0 Play Time 00:20:51 Cumulative 0.6 hours Start 2025.05.29 @ 21:29:30 End 2025.05.29 @ 21:49:31 Sessions 1 Manual Loads 0 Difficulty Rogue Special Mode None Game No. 4 Rogue 4 Adventurer 0 Explorer 0 Win Type - Total 0 Types 0/0/0/0/0/0/0/0/0/0 Lore% 0 Gallery% 2 Achievement% 16 Wizard Run 0 Options --------- Layout 1 ASCII 0 Keyboard 1 Movement Numpad Keybinds 0 Fullscreen 0 Font 20/SmallcapsGlow Map View 50x35 Zoom Use 0% Tactical HUD 1 Map Filters NONE Filters NONE Steam 1 RUN: d66969a8-35c1-4bd7-9f4c-1b36f4f6e08b